Map: Complesso Moebius XX-1

Players

LDaVinci

  • Race: Zerg Zerg
  • League: Diamond
  • Spawn Location: 11:00

BAT

  • Race: Protoss Protoss
  • Spawn Location: 12:00

Bargus - Winner!

  • Race: Terran Terran
  • Spawn Location: 12:00

Viser - Winner!

  • Race: Protoss Protoss
  • Spawn Location: 1:00

VOD

Have the link to the VOD?

Description

Time

  • Played on: March 22, 2017, 5:48 p.m.
  • Length: 7:54
Show
View Real Time Build Order
Export as new Build Order

LDaVinci Zerg 

Build Orders: 3 Hatch before Pool 

Get SALT Encoding   

  12  0:02  Drone  
  13  0:12  Overlord  
  13  0:17  Drone  
  14  0:30  Drone  
  14  0:31  Drone  
  14  0:35  Drone  
  17  0:52  Hatchery  
  16  0:57  Drone  
  16  1:02  Drone  
  18  1:21  Hatchery  
  18  1:25  Drone  
  18  1:30  Extractor  
  17  1:36  Drone x2  
  19  1:47  Spawning Pool  
  19  1:53  Overlord  
  18  1:57  Overlord  
  18  2:04  Drone  
  19  2:35  Zergling x10  
  19  2:36  Queen  
  26  2:39  Drone x2  
  26  2:41  Metabolic Boost  
  28  2:53  Drone x3  
  31  3:17  Drone x7  
  38  3:29  Lair  
  38  3:30  Drone x3  
  38  3:31  Extractor  
  40  3:39  Drone x2  
  40  3:40  Drone x2  
  44  3:44  Queen  
  46  3:50  Queen  
  48  3:56  Overlord  
  48  4:02  Spore Crawler  
  47  4:14  Drone x5  
  47  4:15  Drone x4  
  56  4:21  Spore Crawler  
  55  4:25  Spore Crawler  
  55  4:26  Drone x2  
  55  4:27  Drone x2  
  58  4:35  Overlord  
  58  4:36  Overlord  
  58  4:40  Spire  
  58  4:44  Zergling x2  
  58  4:54  Zergling x2  
  58  4:55  Zergling x12  
  58  4:56  Zergling x4  
  62  5:18  Extractor  
  62  5:19  Drone x2  
  62  5:20  Drone x4, Extractor  
  66  5:25  Drone x3, Extractor  
  66  5:26  Extractor  
  66  5:28  Drone x2  
  69  5:35  Drone  
  70  5:41  Drone x2  
  70  5:42  Overlord  
  72  5:43  Overlord  
  72  5:56  Overlord  
  72  5:57  Overlord x2  
  72  6:02  Spore Crawler  
  71  6:08  Mutalisk  
  71  6:09  Mutalisk x5  
  83  6:15  Drone x4  
  87  6:26  Zergling x2  
  87  6:27  Zergling x14  
  94  6:45  Hatchery  
  92  6:47  Zergling x10  
  92  6:48  Zergling x8  
  96  7:03  Zergling x10  
  96  7:04  Zergling x10  
  78  7:30  Zergling x4  
  78  7:31  Zergling x10  
Show
View Real Time Build Order
Export as new Build Order

BAT Protoss 

Build Orders:  

Get SALT Encoding   

  12  0:02  Probe (Chrono Boost)  
  13  0:16  Pylon  
  13  0:19  Probe (Chrono Boost)  
  14  0:29  Probe (Chrono Boost)  
  15  0:40  Probe (Chrono Boost)  
  16  0:44  Gateway  
  16  0:48  Assimilator  
  16  0:53  Probe (Chrono Boost)  
  17  1:04  Probe (Chrono Boost)  
  18  1:14  Probe (Chrono Boost)  
  19  1:25  Probe (Chrono Boost)  
  20  1:26  Pylon  
  20  1:33  Cybernetics Core  
  20  1:35  Probe (Chrono Boost)  
  20  1:37  Zealot  
  23  1:46  Probe (Chrono Boost)  
  24  1:50  Gateway  
  24  1:56  Probe (Chrono Boost)  
  24  1:59  Gateway  
  25  2:07  Probe (Chrono Boost)  
  26  2:09  Warp Gate  
  26  2:12  Sentry  
  28  2:17  Assimilator  
  28  2:37  Stalker  
  30  2:57  Pylon  
  30  3:09  Stalker  
  28  3:19  Stalker  
  30  3:24  Probe (Chrono Boost)  
  31  3:34  Probe (Chrono Boost)  
  32  3:56  Probe (Chrono Boost)  
  32  4:07  Mothership Core (Chrono Boost)  
  31  4:21  Pylon  
  31  4:25  Probe (Chrono Boost)  
  32  4:38  Stalker  
  32  4:39  Stalker  
  36  4:54  Probe (Chrono Boost)  
  37  5:03  Gateway  
  37  5:04  Nexus  
  37  5:05  Probe (Chrono Boost)  
  38  5:08  Pylon  
  38  5:16  Probe (Chrono Boost)  
  39  5:26  Probe (Chrono Boost)  
  40  5:44  Probe (Chrono Boost)  
  40  5:45  Nexus  
  41  5:53  Forge, Pylon  
  41  5:54  Probe (Chrono Boost)  
  42  5:58  Twilight Council  
  42  6:05  Probe (Chrono Boost)  
  42  6:07  Pylon  
  42  6:10  Stalker x4  
  51  6:15  Probe (Chrono Boost)  
  51  6:18  Probe (Chrono Boost)  
  53  6:25  Assimilator  
  53  6:26  Probe (Chrono Boost)  
  53  6:28  Probe (Chrono Boost), Assimilator  
  55  6:34  Stalker x3  
  55  6:36  Probe (Chrono Boost)  
  62  6:50  Sentry  
  39  7:17  Stalker x4  
Show
View Real Time Build Order
Export as new Build Order

Bargus Terran - Winner!

Build Orders:  

Get SALT Encoding   

  12  0:01  SCV  
  13  0:13  SCV  
  14  0:19  Supply Depot  
  14  0:25  SCV  
  15  0:40  SCV  
  15  0:41  Barracks  
  16  0:47  Refinery  
  16  0:52  SCV  
  17  1:05  SCV  
  17  1:11  Barracks  
  18  1:19  SCV  
  19  1:32  Supply Depot  
  20  1:34  Reaper  
  20  1:41  Orbital Command  
  20  1:59  Supply Depot  
  20  2:03  Refinery  
  20  2:07  SCV  
  21  2:08  Reaper x2  
  23  2:22  Supply Depot  
  23  2:54  Reaper x2  
  25  3:34  SCV  
  25  3:37  Barracks Reactor  
  24  3:45  Barracks Tech Lab  
  24  3:52  SCV  
  24  3:59  Factory  
  24  4:04  SCV, Barracks  
  25  4:11  Combat Shields, Marauder  
  25  4:14  Marine x2  
  25  4:17  SCV  
  30  4:23  Command Center  
  30  4:29  SCV  
  31  4:32  Marine x2  
  31  4:38  Marauder  
  35  4:50  Marine x2  
  35  4:52  Widow Mine  
  39  4:59  Marauder  
  40  5:08  Marine x2  
  39  5:20  Marauder, Barracks Reactor  
  41  5:23  Supply Depot  
  41  5:25  Marine  
  41  5:26  Marine  
  43  5:33  Widow Mine  
  46  5:35  SCV  
  46  5:36  Starport  
  46  5:41  Orbital Command  
  46  5:42  Marauder  
  48  5:43  Marine  
  48  5:49  Supply Depot  
  49  5:50  SCV  
  49  5:55  Marine  
  49  5:56  Marine x2  
  53  6:02  SCV  
  54  6:08  Marine x2  
  56  6:15  Factory Tech Lab  
  56  6:17  Medivac  
  58  6:20  Marine x2  
  58  6:21  Marine  
  61  6:27  Marauder, Supply Depot  
  61  6:47  Marine x2  
  61  6:48  Marine x2  
  61  6:49  Marauder  
  57  7:36  Marine  
Show
View Real Time Build Order
Export as new Build Order

Viser Protoss - Winner!

Build Orders: Nexus First, Oracle Opening 

Get SALT Encoding   

  12  0:01  Probe (Chrono Boost)  
  13  0:11  Probe (Chrono Boost)  
  14  0:20  Pylon  
  14  0:22  Probe (Chrono Boost)  
  15  0:38  Probe (Chrono Boost)  
  16  0:57  Nexus  
  16  1:06  Gateway  
  16  1:09  Probe (Chrono Boost)  
  17  1:17  Assimilator  
  17  1:21  Assimilator  
  17  1:23  Probe (Chrono Boost)  
  18  1:34  Probe (Chrono Boost)  
  19  1:44  Probe (Chrono Boost)  
  20  1:51  Pylon  
  20  1:55  Cybernetics Core  
  20  1:57  Probe (Chrono Boost)  
  21  2:08  Probe (Chrono Boost)  
  22  2:11  Probe (Chrono Boost)  
  23  2:18  Probe (Chrono Boost)  
  23  2:20  Assimilator  
  23  2:21  Probe (Chrono Boost)  
  25  2:29  Probe (Chrono Boost)  
  26  2:33  Stargate  
  26  2:34  Probe (Chrono Boost)  
  26  2:35  Warp Gate  
  27  2:40  Probe (Chrono Boost)  
  28  2:44  Probe (Chrono Boost)  
  28  2:50  Probe (Chrono Boost)  
  30  2:53  Adept  
  32  3:04  Probe (Chrono Boost)  
  33  3:08  Pylon  
  33  3:11  Oracle, Probe (Chrono Boost)  
  34  3:13  Gateway  
  37  3:23  Adept, Pylon  
  40  3:27  Probe (Chrono Boost)  
  40  3:28  Probe (Chrono Boost)  
  41  3:38  Probe (Chrono Boost)  
  42  3:41  Gateway  
  42  3:43  Probe (Chrono Boost)  
  44  3:48  Probe (Chrono Boost)  
  44  3:50  Forge  
  45  3:55  Probe (Chrono Boost)  
  45  4:16  Void Ray  
  45  4:22  Protoss Ground Weapons Level 1  
  45  4:23  Zealot  
  45  4:24  Zealot  
  53  4:29  Zealot  
  55  4:34  Pylon  
  55  4:37  Stargate  
  55  4:39  Protoss Air Weapons Level 1  
  55  4:40  Pylon  
  55  4:49  Mothership Core (Chrono Boost)  
  55  4:50  Pylon  
  57  5:02  Gateway  
  57  5:20  Void Ray x2  
  66  5:28  Probe (Chrono Boost)  
  66  5:29  Assimilator  
  66  5:39  Probe (Chrono Boost)  
  67  5:45  Stalker x2  
  72  5:50  Probe (Chrono Boost)  
  72  5:52  Pylon  
  72  6:08  Zealot x3  
  72  6:09  Zealot  
  80  6:11  Void Ray  
  85  6:18  Probe (Chrono Boost)  
  85  6:30  Probe (Chrono Boost), Pylon  
  85  6:32  Pylon  
  86  6:45  Nexus  
  86  6:46  Stalker  
  88  6:47  Stalker  
  88  6:48  Stalker  
  87  7:08  Void Ray  
  87  7:11  Stalker x4  
  93  7:41  Stalker x2  
  93  7:42  Stalker x2  
Tags
 
Add a new tag
Caveats
  • Supply blocks, unpowered buildings, or Contaminate may cause inaccurate times.
  • Supply counts are checked every 10 seconds.